[Event ""]
[Site "FICS"]
[Date "2025-03-09"]
[Round "2"]
[White "xandor"]
[Black "kasperyan"]
[Result "1-0"]
[WhiteElo "2524"]
[BlackElo "2382"]
[TimeControl "2700+45"]
[Time "18:27:52"]
[PlyCount "84"]

1. d4 Nf6
2. c4 e5
3. dxe5 Ng4
4. Bf4 Bb4+
5. Nc3 Qe7
6. Nf3 Nc6
7. Qb3 a5
8. a3 a4
9. Qc2 Bc5
10. e3 Ngxe5
11. Nd5 Qd6
12. O-O-O O-O
13. Be2 f6
14. Nb6 cxb6
15. Rxd6 Bxd6
16. Qe4 Ra5
17. Nd4 Nxd4
18. exd4 f5
19. Qc2 Nd3+
20. Bxd3 Bxf4+
21. Kb1 d5
22. Re1 Bd6
23. Qc3 dxc4
24. Bxc4+ Kh8
25. Be6 Ra8
26. Qc4 Re8
27. d5 Bc5
28. Re5 Bxe6
29. dxe6 g6
30. f4 Rac8
31. Qxa4 Rc6
32. h3 Rexe6
33. Qa8+ Kg7
34. Qxb7+ Be7
35. g4 fxg4
36. hxg4 Rxe5
37. Qxc6 Re1+
38. Ka2 Bc5
39. b4 Bf2
40. g5 Rd1
41. Qc7+ Kg8
42. Qc2 1-0